St.Louis Blues vs Philadelphia Flyers
(R1)
Created - Monday, April 29, 2024 at 06:59
Goals
|
| St.Louis Blues |
1 |
2 |
1 |
4 |
| Philadelphia Flyers |
1 |
1 |
0 |
2 |
|
Shots
|
| St.Louis Blues |
13 |
19 |
12 |
44 |
| Philadelphia Flyers |
7 |
11 |
7 |
25 |
|
1st period
1. Philadelphia Flyers , Marcus Johansson 15 (Oliver Ekman-Larsson 19) at 9:36
2. St.Louis Blues , Alex Pietrangelo 7 (Alex Tuch 16, Mark Stone 22) at 14:01 (PP)
Penalties :
Ben Chiarot (PHI) for Hooking (Minor) at 0:22, Ben Chiarot (PHI) for Hooking (Minor) at 12:58, Max Pacioretty (PHI) for Hooking (Minor) at 17:05
2nd period
3. Philadelphia Flyers , Marcus Johansson 16 (Tyler Johnson 9) at 2:04
4. St.Louis Blues , Lawson Crouse 9 (Mark Stone 23, Connor Hellebuyck) at 5:19 (PP)
5. St.Louis Blues , Elias Pettersson 36 (Tage Thompson 32, Lawson Crouse 9) at 17:05
Penalties :
Radek Faksa (PHI) for Interference (Minor) at 3:21, Radek Faksa (PHI) for Tripping (Minor) at 17:49
3rd period
6. St.Louis Blues , Evander Kane 7 (Alex Tuch 17, Mark Stone 24) at 7:52 (PP)
Penalties :
Justin Faulk (PHI) for Holding (Minor) at 6:09, Sean Kuraly (STL) for Hooking (Minor) at 11:56
Goalie Stats
Connor Hellebuyck (STL), 23 saves from 25 shots - (0.920), W, 27-10-5, 60:00 minutes
Craig Anderson (PHI), 40 saves from 44 shots - (0.909), L, 9-9-0, 60:00 minutes
Players Stats for St.Louis Blues
Player Name G A P +/- PIM S H SB GA TA FO MP PP MP PK MP
------------------------------------------------------------------------------------
Adam Pelech 0 0 0 0 0 1 1 0 0 0 0/0 12:52 0:00 0:00
Alex Pietrangelo 1 0 1 -1 0 2 1 1 0 0 0/0 25:36 5:06 0:46
Alex Tuch 0 2 2 -1 0 7 0 0 1 0 0/0 16:09 5:06 0:08
Andrew Copp 0 0 0 0 0 0 0 0 1 1 5/10 13:31 3:46 0:00
Colton Parayko 0 0 0 -1 0 0 3 0 0 0 0/0 20:30 0:00 1:13
Elias Pettersson 1 0 1 0 0 11 3 0 3 1 0/0 24:34 5:42 0:00
Evander Kane 1 0 1 -1 0 3 3 1 0 1 0/0 16:01 4:59 0:00
Jake Guentzel 0 0 0 0 0 3 3 1 0 0 0/2 19:28 5:42 0:46
Jake Sanderson 0 0 0 0 0 1 0 0 0 0 0/0 16:01 0:00 1:08
Lawson Crouse 1 1 2 1 0 3 1 0 0 1 10/19 19:14 4:59 0:46
Mark Stone 0 3 3 0 0 8 0 0 0 0 0/0 18:11 4:49 0:00
Mikhail Sergachev 0 0 0 0 0 1 0 1 0 0 0/0 21:27 5:35 1:00
Nick Leddy 0 0 0 0 0 0 0 1 0 0 0/0 12:53 0:00 0:09
Nico Sturm 0 0 0 0 0 0 0 0 0 0 1/2 6:32 0:13 0:56
Robert Thomas 0 0 0 -1 0 0 0 1 0 0 4/11 6:12 1:53 0:00
Sean Kuraly 0 0 0 0 2 0 4 0 0 1 4/9 13:53 0:00 0:00
Tage Thompson 0 1 1 0 0 2 3 0 1 0 1/1 24:43 5:35 0:00
Yanni Gourde 0 0 0 -1 0 2 0 0 0 0 0/3 10:13 0:00 1:04
Players Stats for Philadelphia Flyers
Player Name G A P +/- PIM S H SB GA TA FO MP PP MP PK MP
------------------------------------------------------------------------------------
Artem Zub 0 0 0 0 0 0 2 2 1 0 0/0 20:04 0:00 4:37
Auston Matthews 0 0 0 0 0 0 0 1 0 0 7/12 14:18 1:03 1:47
Ben Chiarot 0 0 0 0 4 0 2 1 0 1 0/0 20:32 0:35 3:38
Bryan Rust 0 0 0 0 0 0 1 1 0 0 0/0 17:20 0:12 5:19
Elias Lindholm 0 0 0 -1 0 4 1 1 0 1 14/20 19:09 0:00 5:53
Erik Gustafsson 0 0 0 0 0 0 0 1 0 2 0/0 18:10 0:17 2:42
Jesper Fast 0 0 0 0 0 2 1 0 0 0 1/1 17:06 0:49 5:15
Justin Faulk 0 0 0 0 2 1 3 0 0 0 0/0 22:07 1:07 4:21
Marcus Johansson 2 0 2 2 0 3 0 0 0 0 0/0 12:43 1:02 0:07
Matt Duchene 0 0 0 0 0 2 0 0 2 1 0/2 12:18 1:02 0:00
Matt Roy 0 0 0 1 0 1 0 3 0 0 0/0 22:41 0:52 6:04
Matthew Peca 0 0 0 0 0 5 0 0 1 0 1/6 11:14 0:13 0:00
Max Pacioretty 0 0 0 -1 2 1 0 1 0 1 0/0 13:15 0:00 0:00
Oliver Ekman-Larsson 0 1 1 1 0 0 1 1 0 0 0/0 16:32 1:07 0:00
Radek Faksa 0 0 0 2 4 2 0 0 0 0 6/11 13:49 0:00 3:01
Sonny Milano 0 0 0 0 0 0 0 0 0 0 2/2 12:12 0:47 0:00
Tyler Johnson 0 1 1 2 0 1 0 0 0 0 1/2 12:29 0:49 0:00
Vladimir Tarasenko 0 0 0 -1 0 3 1 0 1 0 0/1 13:14 0:00 0:00
3 Stars
1 - Marcus Johansson (PHI)
2 - Lawson Crouse (STL)
3 - Mark Stone (STL)
Power Play
St.Louis Blues - 3 on 6 Attempt(s) - 50.00%
Philadelphia Flyers - 0 on 1 Attempt(s) - 0.00%
Penalty Kill
St.Louis Blues - 1 on 1 Attempt(s) - 100.00%
- Score 0 goal in Penalty Kill
Philadelphia Flyers - 3 on 6 Attempt(s) - 50.00%
- Score 0 goal in Penalty Kill
Team Stat
St.Louis Blues - Hits : 22 - Faceoff Wins : 25 - Blocked Shots : 6 - Penalty Minutes : 2
Philadelphia Flyers - Hits : 12 - Faceoff Wins : 32 - Blocked Shots : 12 - Penalty Minutes : 12
Official
Referees : Kelly Sutherland and Francois StLaurent
Linesman : Kiel Murchison and Scott Driscoll
Game Notes
Robert Thomas is injured at 14:07 of 1st period (Groin)
Finance
Level 1 -- Attendance: 5614 (93.57%) -- Ticket Income $510,874
Level 2 -- Attendance: 4675 (93.50%) -- Ticket Income $243,100
Level 3 -- Attendance: 2939 (97.97%) -- Ticket Income $82,292
Level 4 -- Attendance: 4871 (97.42%) -- Ticket Income $87,678
Luxury Box -- Attendance: 966 (96.60%) -- Ticket Income $183,540
Game was played at the Wells Fargo Center.
Total Attendance: 19065 (95.33%)
Total Ticket Income: $1,107,484
Other Income: $387,619
Total Income: $1,495,103
St.Louis Blues
5 vs 5 Forward
Center Left Wing Right Wing Time % Phy DF OF
1 Robert Thomas Elias Pettersson Tage Thompson 40 0 2 3
2 Sean Kuraly Jake Guentzel Mark Stone 30 0 2 3
3 Yanni Gourde Alex Tuch Evander Kane 20 1 2 2
4 Nico Sturm Andrew Copp Lawson Crouse 10 1 3 1
5 vs 5 Defense
Defense Defense Time % Phy DF OF
1 Colton Parayko Alex Pietrangelo 45 1 2 2
2 Jake Sanderson Mikhail Sergachev 35 1 2 2
3 Nick Leddy Adam Pelech 20 1 2 2
4 Alex Pietrangelo Mikhail Sergachev 0 1 2 2
PowerPlay Forward
Center Left Wing Right Wing Time % Phy DF OF
1 Robert Thomas Elias Pettersson Jake Guentzel 60 1 0 4
2 Lawson Crouse Evander Kane Mark Stone 40 1 0 4
PowerPlay Defense
Defense Defense Time % Phy DF OF
1 Tage Thompson Mikhail Sergachev 60 0 1 4
2 Alex Tuch Alex Pietrangelo 40 0 1 4
Penalty Kill 4 Players Forward
Center Wing Time % Phy DF OF
1 Nico Sturm Yanni Gourde 50 1 4 0
2 Andrew Copp Lawson Crouse 50 1 4 0
Penalty Kill 4 Players Defense
Defense Defense Time % Phy DF OF
1 Jake Sanderson Colton Parayko 50 1 4 0
2 Nick Leddy Adam Pelech 50 1 4 0
Penalty Kill - 3 Players Forward
Forward Time % Phy DF OF
1 Nico Sturm 50 0 5 0
2 Yanni Gourde 50 0 5 0
Penalty Kill - 3 Players Defense
Defense Defense Time % Phy DF OF
1 Jake Sanderson Colton Parayko 50 0 5 0
2 Adam Pelech Nick Leddy 50 0 5 0
4 vs 4 Forward
Center Wing Time % Phy DF OF
1 Robert Thomas Elias Pettersson 50 0 2 3
2 Tage Thompson Mark Stone 50 0 2 3
4 vs 4 Defense
Defense Defense Time % Phy DF OF
1 Alex Pietrangelo Colton Parayko 50 1 2 2
2 Mikhail Sergachev Jake Sanderson 50 1 2 2
Last Minutes Offensive
Center Left Wing Right Wing Defense Defense
Robert Thomas Elias Pettersson Mark Stone Tage Thompson Mikhail Sergachev
Last Minutes Defensive
Center Left Wing Right Wing Defense Defense
Nico Sturm Yanni Gourde Lawson Crouse Alex Pietrangelo Colton Parayko
Goaltenders
Starting : Connor Hellebuyck
Backup : Scott Wedgewood
Extra Forwards
Normal : Robert Thomas, Elias Pettersson, Lawson Crouse - PP : Robert Thomas, Elias Pettersson - PK : Robert Thomas
Extra Defensemen
Normal : Jake Sanderson, Nick Leddy, Colton Parayko - PP : Nick Leddy - PK : Jake Sanderson, Colton Parayko
Penalty Shots
Elias Pettersson, Tage Thompson, Robert Thomas, Alex Tuch, Mark Stone
Philadelphia Flyers
5 vs 5 Forward
Center Left Wing Right Wing Time % Phy DF OF
1 Auston Matthews Bryan Rust Matt Duchene 25 1 1 3
2 Elias Lindholm Max Pacioretty Vladimir Tarasenko 25 1 1 3
3 Radek Faksa Marcus Johansson Tyler Johnson 25 1 2 2
4 Matthew Peca Sonny Milano Jesper Fast 25 1 2 2
5 vs 5 Defense
Defense Defense Time % Phy DF OF
1 Justin Faulk Ben Chiarot 35 1 2 2
2 Oliver Ekman-Larsson Matt Roy 35 1 2 2
3 Erik Gustafsson Artem Zub 30 1 2 2
4 Justin Faulk Ben Chiarot 0 1 2 2
PowerPlay Forward
Center Left Wing Right Wing Time % Phy DF OF
1 Auston Matthews Marcus Johansson Matt Duchene 50 0 1 4
2 Elias Lindholm Vladimir Tarasenko Bryan Rust 50 0 1 4
PowerPlay Defense
Defense Defense Time % Phy DF OF
1 Justin Faulk Oliver Ekman-Larsson 50 0 2 3
2 Erik Gustafsson Matt Roy 50 0 2 3
Penalty Kill 4 Players Forward
Center Wing Time % Phy DF OF
1 Radek Faksa Bryan Rust 50 0 4 1
2 Elias Lindholm Jesper Fast 50 0 4 1
Penalty Kill 4 Players Defense
Defense Defense Time % Phy DF OF
1 Ben Chiarot Artem Zub 50 0 5 0
2 Matt Roy Justin Faulk 50 0 5 0
Penalty Kill - 3 Players Forward
Forward Time % Phy DF OF
1 Radek Faksa 50 0 5 0
2 Elias Lindholm 50 0 5 0
Penalty Kill - 3 Players Defense
Defense Defense Time % Phy DF OF
1 Ben Chiarot Artem Zub 50 0 5 0
2 Matt Roy Justin Faulk 50 0 5 0
4 vs 4 Forward
Center Wing Time % Phy DF OF
1 Auston Matthews Vladimir Tarasenko 50 0 2 3
2 Elias Lindholm Matt Duchene 50 0 2 3
4 vs 4 Defense
Defense Defense Time % Phy DF OF
1 Justin Faulk Ben Chiarot 50 1 2 2
2 Oliver Ekman-Larsson Matt Roy 50 1 2 2
Last Minutes Offensive
Center Left Wing Right Wing Defense Defense
Auston Matthews Elias Lindholm Matt Duchene Justin Faulk Oliver Ekman-Larsson
Last Minutes Defensive
Center Left Wing Right Wing Defense Defense
Elias Lindholm Radek Faksa Jesper Fast Ben Chiarot Matt Roy
Goaltenders
Starting : Craig Anderson
Backup : Connor Ingram
Extra Forwards
Normal : Auston Matthews, Elias Lindholm, Matt Duchene - PP : Auston Matthews, Elias Lindholm - PK : Elias Lindholm
Extra Defensemen
Normal : Justin Faulk, Oliver Ekman-Larsson, Erik Gustafsson - PP : Justin Faulk - PK : Ben Chiarot, Erik Gustafsson
Penalty Shots
Auston Matthews, Matt Duchene, Marcus Johansson, Elias Lindholm, Vladimir Tarasenko
% Time on Ice - St.Louis Blues
Lines # - Real PCT - Wanted PCT - Time Play
Normal Forward
1 - 42% - 40% - 19:46
2 - 31% - 30% - 14:52
3 - 20% - 20% - 9:22
4 - 7% - 10% - 3:20
Normal Defense
1 - 42% - 45% - 19:48
2 - 32% - 35% - 15:03
3 - 26% - 20% - 12:29
4 - 0% - 0% - 0:00
PP Forward
1 - 55% - 60% - 5:52
2 - 45% - 40% - 4:49
PP Defense
1 - 52% - 60% - 5:35
2 - 48% - 40% - 5:06
PK Forward
1 - 97% - 50% - 1:56
2 - 3% - 50% - 0:03
PK Defense
1 - 100% - 50% - 1:59
2 - 0% - 50% - 0:00
PK3 Forward
1 - 0% - 50%
2 - 0% - 50%
PK3 Defense
1 - 0% - 50%
2 - 0% - 50%
44 Forward
1 - 0% - 50%
2 - 0% - 50%
44 Defense
1 - 0% - 50%
2 - 0% - 50%
Last Minute Offensive - 0:00
Last Minute Defensive - 0:00
Total
Forward - 60:00
Defense - 60:00
|
% Time on Ice - Philadelphia Flyers
Lines # - Real PCT - Wanted PCT - Time Play
Normal Forward
1 - 24% - 25% - 11:27
2 - 33% - 25% - 15:34
3 - 22% - 25% - 10:16
4 - 21% - 25% - 10:03
Normal Defense
1 - 35% - 35% - 16:32
2 - 32% - 35% - 15:14
3 - 33% - 30% - 15:34
4 - 0% - 0% - 0:00
PP Forward
1 - 100% - 50% - 1:59
2 - 0% - 50% - 0:00
PP Defense
1 - 56% - 50% - 1:07
2 - 44% - 50% - 0:52
PK Forward
1 - 50% - 50% - 5:19
2 - 50% - 50% - 5:22
PK Defense
1 - 43% - 50% - 4:37
2 - 57% - 50% - 6:04
PK3 Forward
1 - 0% - 50%
2 - 0% - 50%
PK3 Defense
1 - 0% - 50%
2 - 0% - 50%
44 Forward
1 - 0% - 50%
2 - 0% - 50%
44 Defense
1 - 0% - 50%
2 - 0% - 50%
Last Minute Offensive - 0:00
Last Minute Defensive - 0:00
Total
Forward - 60:00
Defense - 60:00
|
Play-by-Play
1st period
0:01 of 1st period - Auston Matthews wins face-off versus Robert Thomas in neutral zone.
0:22 of 1st period - Minor Penalty to Ben Chiarot for Hooking.
0:23 of 1st period - Robert Thomas wins face-off versus Radek Faksa in Philadelphia Flyers zone.
0:38 of 1st period - Wrist shot by Robert Thomas.
0:38 of 1st period - Shot Blocked by Artem Zub.
0:50 of 1st period - Mikhail Sergachev is hit by Artem Zub and loses puck.
0:57 of 1st period - Slapshot by Alex Tuch.
0:57 of 1st period - Stopped by Craig Anderson with a rebound.
0:59 of 1st period - Wrist shot by Lawson Crouse.
0:59 of 1st period - Shot Misses the Net.
1:01 of 1st period - Slapshot by Alex Pietrangelo.
1:01 of 1st period - Stopped by Craig Anderson without a rebound.
1:02 of 1st period - Robert Thomas wins face-off versus Elias Lindholm in Philadelphia Flyers zone.
1:15 of 1st period - Wrist shot by Elias Pettersson.
1:15 of 1st period - Stopped by Craig Anderson with a rebound.
2:22 of 1st period - Penalty to Ben Chiarot is over, Ben Chiarot is back on ice.
2:44 of 1st period - Justin Faulk is hit by Adam Pelech and loses puck.
4:11 of 1st period - Artem Zub is hit by Sean Kuraly and loses puck.
5:01 of 1st period - Nick Leddy is hit by Bryan Rust and loses puck.
5:20 of 1st period - Alex Tuch is hit by Elias Lindholm and loses puck.
5:54 of 1st period - Wrist shot by Lawson Crouse.
5:54 of 1st period - Shot Misses the Net.
6:46 of 1st period - Wrist shot by Lawson Crouse.
6:46 of 1st period - Stopped by Craig Anderson without a rebound.
6:47 of 1st period - Auston Matthews wins face-off versus Nico Sturm in Philadelphia Flyers zone.
6:51 of 1st period - Off-side.
6:52 of 1st period - Robert Thomas wins face-off versus Elias Lindholm in neutral zone.
7:03 of 1st period - Wrist shot by Elias Pettersson.
7:03 of 1st period - Stopped by Craig Anderson with a rebound.
7:05 of 1st period - Slapshot by Colton Parayko.
7:05 of 1st period - Shot Blocked by Elias Lindholm.
7:07 of 1st period - Wrist shot by Robert Thomas.
7:07 of 1st period - Shot Blocked by Artem Zub.
7:21 of 1st period - Snap shot by Matthew Peca.
7:21 of 1st period - Stopped by Connor Hellebuyck with a rebound.
8:25 of 1st period - Slapshot by Robert Thomas.
8:25 of 1st period - Shot Misses the Net.
8:27 of 1st period - Slapshot by Mikhail Sergachev.
8:27 of 1st period - Stopped by Craig Anderson without a rebound.
8:28 of 1st period - Robert Thomas wins face-off versus Matthew Peca in Philadelphia Flyers zone.
8:29 of 1st period - Snap shot by Elias Pettersson.
8:29 of 1st period - Shot Misses the Net.
8:31 of 1st period - Snap shot by Elias Pettersson.
8:31 of 1st period - Shot Misses the Net.
8:33 of 1st period - Slapshot by Elias Pettersson.
8:33 of 1st period - Shot Misses the Net.
8:35 of 1st period - Slapshot by Colton Parayko.
8:35 of 1st period - Shot Misses the Net.
8:37 of 1st period - Snap shot by Elias Pettersson.
8:37 of 1st period - Stopped by Craig Anderson with a rebound.
8:57 of 1st period - Snap shot by Jesper Fast.
8:57 of 1st period - Stopped by Connor Hellebuyck without a rebound.
8:58 of 1st period - Radek Faksa wins face-off versus Sean Kuraly in St.Louis Blues zone.
9:13 of 1st period - Snap shot by Mark Stone.
9:13 of 1st period - Stopped by Craig Anderson without a rebound.
9:14 of 1st period - Elias Lindholm wins face-off versus Robert Thomas in Philadelphia Flyers zone.
9:26 of 1st period - Off-side.
9:27 of 1st period - Radek Faksa wins face-off versus Robert Thomas in neutral zone.
9:36 of 1st period - Slapshot by Marcus Johansson.
9:36 of 1st period - Goal by Marcus Johansson - St.Louis Blues : 0 - Philadelphia Flyers : 1.
9:37 of 1st period - Elias Lindholm wins face-off versus Robert Thomas in neutral zone.
10:04 of 1st period - Justin Faulk is hit by Jake Guentzel and loses puck.
11:05 of 1st period - Radek Faksa is hit by Elias Pettersson and loses puck.
11:16 of 1st period - Snap shot by Marcus Johansson.
11:16 of 1st period - Deflect By Radek Faksa.
11:16 of 1st period - Stopped by Connor Hellebuyck without a rebound.
11:17 of 1st period - Elias Lindholm wins face-off versus Jake Guentzel in St.Louis Blues zone.
12:26 of 1st period - Wrist shot by Elias Pettersson.
12:26 of 1st period - Stopped by Craig Anderson without a rebound.
12:27 of 1st period - Radek Faksa wins face-off versus Sean Kuraly in Philadelphia Flyers zone.
12:44 of 1st period - Jake Guentzel is hit by Artem Zub and loses puck.
12:58 of 1st period - Minor Penalty to Ben Chiarot for Hooking.
12:59 of 1st period - Jesper Fast wins face-off versus Robert Thomas in Philadelphia Flyers zone.
13:07 of 1st period - Slapshot by Tage Thompson.
13:07 of 1st period - Deflect By Elias Pettersson.
13:07 of 1st period - Shot Misses the Net.
13:07 of 1st period - Puck is out of play.
13:08 of 1st period - Radek Faksa wins face-off versus Robert Thomas in Philadelphia Flyers zone.
13:19 of 1st period - Wrist shot by Bryan Rust.
13:19 of 1st period - Shot Blocked by Jake Guentzel.
13:43 of 1st period - Slapshot by Elias Pettersson.
13:43 of 1st period - Stopped by Craig Anderson with a rebound.
13:45 of 1st period - Wrist shot by Robert Thomas.
13:45 of 1st period - Deflect By Jake Guentzel.
13:45 of 1st period - Shot Blocked by Matt Roy.
13:45 of 1st period - Puck is out of play.
13:46 of 1st period - Elias Lindholm wins face-off versus Lawson Crouse in Philadelphia Flyers zone.
13:57 of 1st period - Wrist shot by Mark Stone.
13:57 of 1st period - Stopped by Craig Anderson with a rebound.
13:59 of 1st period - Slapshot by Alex Tuch.
13:59 of 1st period - Shot Misses the Net.
14:01 of 1st period - Slapshot by Alex Pietrangelo.
14:01 of 1st period - Goal by Alex Pietrangelo - St.Louis Blues : 1 - Philadelphia Flyers : 1.
14:02 of 1st period - Sonny Milano wins face-off versus Robert Thomas in neutral zone.
14:07 of 1st period - Snap shot by Sonny Milano.
14:07 of 1st period - Shot Blocked by Robert Thomas.
14:07 of 1st period - Robert Thomas from St.Louis Blues is injured at 14:07 of 1st period (Groin).
14:08 of 1st period - Lawson Crouse wins face-off versus Elias Lindholm in St.Louis Blues zone.
14:15 of 1st period - Snap shot by Tage Thompson.
14:15 of 1st period - Shot Blocked by Matt Roy.
14:21 of 1st period - Elias Lindholm is hit by Colton Parayko and loses puck.
14:43 of 1st period - Snap shot by Jesper Fast.
14:43 of 1st period - Stopped by Connor Hellebuyck with a rebound.
14:45 of 1st period - Snap shot by Matthew Peca.
14:45 of 1st period - Stopped by Connor Hellebuyck without a rebound.
14:46 of 1st period - Lawson Crouse wins face-off versus Auston Matthews in St.Louis Blues zone.
15:13 of 1st period - Mikhail Sergachev is hit by Jesper Fast and loses puck.
15:20 of 1st period - Backhand shot by Matthew Peca.
15:20 of 1st period - Stopped by Connor Hellebuyck with a rebound.
15:42 of 1st period - Jake Sanderson is hit by Justin Faulk and loses puck.
15:59 of 1st period - Lawson Crouse is hit by Vladimir Tarasenko.
16:14 of 1st period - Off-side.
16:15 of 1st period - Auston Matthews wins face-off versus Sean Kuraly in neutral zone.
16:50 of 1st period - Snap shot by Mark Stone.
16:50 of 1st period - Stopped by Craig Anderson without a rebound.
16:51 of 1st period - Elias Lindholm wins face-off versus Lawson Crouse in Philadelphia Flyers zone.
16:56 of 1st period - Wrist shot by Elias Pettersson.
16:56 of 1st period - Shot Misses the Net.
17:05 of 1st period - Minor Penalty to Max Pacioretty for Hooking.
17:06 of 1st period - Elias Lindholm wins face-off versus Andrew Copp in Philadelphia Flyers zone.
17:06 of 1st period - Elias Lindholm is hit by Tage Thompson.
19:05 of 1st period - Penalty to Max Pacioretty is over, Max Pacioretty is back on ice.
Goals for this period are 1 for St.Louis Blues vs 1 for Philadelphia Flyers.
Shots for this period are 13 for St.Louis Blues vs 7 for Philadelphia Flyers.
2nd period
0:01 of 2nd period - Lawson Crouse wins face-off versus Matthew Peca in neutral zone.
0:16 of 2nd period - Wrist shot by Elias Pettersson.
0:16 of 2nd period - Stopped by Craig Anderson with a rebound.
0:50 of 2nd period - Mark Stone is hit by Ben Chiarot and loses puck.
1:01 of 2nd period - Wrist shot by Jake Guentzel.
1:01 of 2nd period - Shot Misses the Net.
1:11 of 2nd period - Snap shot by Max Pacioretty.
1:11 of 2nd period - Shot Misses the Net.
1:13 of 2nd period - Slapshot by Elias Lindholm.
1:13 of 2nd period - Shot Misses the Net.
1:15 of 2nd period - Wrist shot by Max Pacioretty.
1:15 of 2nd period - Shot Misses the Net.
1:17 of 2nd period - Slapshot by Vladimir Tarasenko.
1:17 of 2nd period - Stopped by Connor Hellebuyck with a rebound.
1:56 of 2nd period - Off-side.
1:57 of 2nd period - Tyler Johnson wins face-off versus Yanni Gourde in neutral zone.
2:04 of 2nd period - Wrist shot by Marcus Johansson.
2:04 of 2nd period - Goal by Marcus Johansson - St.Louis Blues : 1 - Philadelphia Flyers : 2.
2:05 of 2nd period - Elias Lindholm wins face-off versus Sean Kuraly in neutral zone.
2:38 of 2nd period - Off-side.
2:39 of 2nd period - Matthew Peca wins face-off versus Yanni Gourde in neutral zone.
2:56 of 2nd period - Backhand shot by Yanni Gourde.
2:56 of 2nd period - Shot Blocked by Matt Roy.
2:58 of 2nd period - Slapshot by Evander Kane.
2:58 of 2nd period - Deflect By Alex Tuch.
2:58 of 2nd period - Stopped by Craig Anderson with a rebound.
3:08 of 2nd period - Wrist shot by Alex Tuch.
3:08 of 2nd period - Stopped by Craig Anderson with a rebound.
3:10 of 2nd period - Snap shot by Evander Kane.
3:10 of 2nd period - Deflect By Oliver Ekman-Larsson.
3:10 of 2nd period - Stopped by Craig Anderson with a rebound.
3:12 of 2nd period - Wrist shot by Yanni Gourde.
3:12 of 2nd period - Shot Misses the Net.
3:14 of 2nd period - Slapshot by Yanni Gourde.
3:14 of 2nd period - Stopped by Craig Anderson with a rebound.
3:16 of 2nd period - Snap shot by Alex Pietrangelo.
3:16 of 2nd period - Deflect By Alex Tuch.
3:16 of 2nd period - Shot Blocked by Oliver Ekman-Larsson.
3:16 of 2nd period - Puck is out of play.
3:17 of 2nd period - Lawson Crouse wins face-off versus Tyler Johnson in Philadelphia Flyers zone.
3:21 of 2nd period - Minor Penalty to Radek Faksa for Interference.
3:22 of 2nd period - Elias Lindholm wins face-off versus Jake Guentzel in Philadelphia Flyers zone.
3:59 of 2nd period - Slapshot by Alex Tuch.
3:59 of 2nd period - Stopped by Craig Anderson with a rebound.
4:01 of 2nd period - Slapshot by Alex Tuch.
4:01 of 2nd period - Stopped by Craig Anderson without a rebound.
4:02 of 2nd period - Elias Lindholm wins face-off versus Andrew Copp in Philadelphia Flyers zone.
4:13 of 2nd period - Snap shot by Elias Lindholm.
4:13 of 2nd period - Stopped by Connor Hellebuyck without a rebound.
4:14 of 2nd period - Andrew Copp wins face-off versus Elias Lindholm in St.Louis Blues zone.
4:39 of 2nd period - Tage Thompson is hit by Justin Faulk and loses puck.
4:45 of 2nd period - Off-side.
4:46 of 2nd period - Auston Matthews wins face-off versus Andrew Copp in neutral zone.
5:17 of 2nd period - Slapshot by Lawson Crouse.
5:17 of 2nd period - Shot Misses the Net.
5:19 of 2nd period - Snap shot by Lawson Crouse.
5:19 of 2nd period - Goal by Lawson Crouse - St.Louis Blues : 2 - Philadelphia Flyers : 2.
5:20 of 2nd period - Auston Matthews wins face-off versus Lawson Crouse in neutral zone.
5:47 of 2nd period - Radek Faksa is hit by Colton Parayko and loses puck.
6:46 of 2nd period - Snap shot by Elias Pettersson.
6:46 of 2nd period - Stopped by Craig Anderson without a rebound.
6:47 of 2nd period - Andrew Copp wins face-off versus Auston Matthews in Philadelphia Flyers zone.
6:56 of 2nd period - Snap shot by Elias Pettersson.
6:56 of 2nd period - Stopped by Craig Anderson with a rebound.
7:09 of 2nd period - Off-side.
7:10 of 2nd period - Sean Kuraly wins face-off versus Radek Faksa in neutral zone.
7:19 of 2nd period - Slapshot by Mark Stone.
7:19 of 2nd period - Stopped by Craig Anderson with a rebound.
7:21 of 2nd period - Slapshot by Jake Sanderson.
7:21 of 2nd period - Deflect By Marcus Johansson.
7:21 of 2nd period - Stopped by Craig Anderson with a rebound.
7:25 of 2nd period - Wrist shot by Jake Guentzel.
7:25 of 2nd period - Stopped by Craig Anderson with a rebound.
7:27 of 2nd period - Wrist shot by Mark Stone.
7:27 of 2nd period - Stopped by Craig Anderson without a rebound.
7:28 of 2nd period - Elias Lindholm wins face-off versus Lawson Crouse in Philadelphia Flyers zone.
7:33 of 2nd period - Slapshot by Justin Faulk.
7:33 of 2nd period - Stopped by Connor Hellebuyck without a rebound.
7:34 of 2nd period - Lawson Crouse wins face-off versus Elias Lindholm in St.Louis Blues zone.
7:34 of 2nd period - Lawson Crouse is hit by Justin Faulk.
7:42 of 2nd period - Wrist shot by Vladimir Tarasenko.
7:42 of 2nd period - Stopped by Connor Hellebuyck with a rebound.
7:44 of 2nd period - Snap shot by Max Pacioretty.
7:44 of 2nd period - Deflect By Elias Lindholm.
7:44 of 2nd period - Stopped by Connor Hellebuyck without a rebound.
7:45 of 2nd period - Lawson Crouse wins face-off versus Matt Duchene in St.Louis Blues zone.
8:40 of 2nd period - Wrist shot by Sonny Milano.
8:40 of 2nd period - Shot Misses the Net.
8:42 of 2nd period - Slapshot by Matt Roy.
8:42 of 2nd period - Shot Blocked by Alex Pietrangelo.
9:33 of 2nd period - Slapshot by Elias Pettersson.
9:33 of 2nd period - Stopped by Craig Anderson without a rebound.
9:34 of 2nd period - Sean Kuraly wins face-off versus Matthew Peca in Philadelphia Flyers zone.
11:03 of 2nd period - Erik Gustafsson is hit by Tage Thompson and loses puck.
11:24 of 2nd period - Slapshot by Erik Gustafsson.
11:24 of 2nd period - Shot Misses the Net.
11:26 of 2nd period - Snap shot by Elias Lindholm.
11:26 of 2nd period - Shot Misses the Net.
11:28 of 2nd period - Slapshot by Erik Gustafsson.
11:28 of 2nd period - Shot Blocked by Evander Kane.
11:30 of 2nd period - Snap shot by Erik Gustafsson.
11:30 of 2nd period - Shot Misses the Net.
11:57 of 2nd period - Wrist shot by Marcus Johansson.
11:57 of 2nd period - Shot Misses the Net.
11:59 of 2nd period - Snap shot by Tyler Johnson.
11:59 of 2nd period - Shot Misses the Net.
12:01 of 2nd period - Slapshot by Marcus Johansson.
12:01 of 2nd period - Shot Blocked by Nick Leddy.
12:13 of 2nd period - Snap shot by Matthew Peca.
12:13 of 2nd period - Stopped by Connor Hellebuyck with a rebound.
12:15 of 2nd period - Slapshot by Matt Roy.
12:15 of 2nd period - Stopped by Connor Hellebuyck with a rebound.
12:37 of 2nd period - Mikhail Sergachev is hit by Ben Chiarot and loses puck.
13:14 of 2nd period - Tyler Johnson is hit by Alex Pietrangelo and loses puck.
13:35 of 2nd period - Oliver Ekman-Larsson is hit by Evander Kane and loses puck.
14:55 of 2nd period - Snap shot by Vladimir Tarasenko.
14:55 of 2nd period - Shot Misses the Net.
14:57 of 2nd period - Snap shot by Ben Chiarot.
14:57 of 2nd period - Shot Misses the Net.
14:59 of 2nd period - Slapshot by Elias Lindholm.
14:59 of 2nd period - Deflect By Max Pacioretty.
14:59 of 2nd period - Stopped by Connor Hellebuyck without a rebound.
15:00 of 2nd period - Andrew Copp wins face-off versus Matthew Peca in St.Louis Blues zone.
15:05 of 2nd period - Jesper Fast is hit by Tage Thompson and loses puck.
15:34 of 2nd period - Snap shot by Yanni Gourde.
15:34 of 2nd period - Stopped by Craig Anderson with a rebound.
15:36 of 2nd period - Slapshot by Adam Pelech.
15:36 of 2nd period - Stopped by Craig Anderson with a rebound.
15:55 of 2nd period - Icing by Jake Guentzel.
15:56 of 2nd period - Auston Matthews wins face-off versus Sean Kuraly in St.Louis Blues zone.
16:03 of 2nd period - Snap shot by Matt Duchene.
16:03 of 2nd period - Stopped by Connor Hellebuyck with a rebound.
16:19 of 2nd period - Auston Matthews is hit by Sean Kuraly and loses puck.
16:23 of 2nd period - Icing by Matt Roy.
16:24 of 2nd period - Lawson Crouse wins face-off versus Matt Duchene in Philadelphia Flyers zone.
16:38 of 2nd period - Wrist shot by Elias Pettersson.
16:38 of 2nd period - Shot Blocked by Bryan Rust.
16:50 of 2nd period - Marcus Johansson is hit by Evander Kane and loses puck.
16:59 of 2nd period - Snap shot by Alex Tuch.
16:59 of 2nd period - Stopped by Craig Anderson without a rebound.
17:00 of 2nd period - Lawson Crouse wins face-off versus Elias Lindholm in Philadelphia Flyers zone.
17:05 of 2nd period - Slapshot by Tage Thompson.
17:05 of 2nd period - Deflect By Elias Pettersson.
17:05 of 2nd period - Goal by Elias Pettersson - St.Louis Blues : 3 - Philadelphia Flyers : 2.
17:06 of 2nd period - Elias Lindholm wins face-off versus Lawson Crouse in neutral zone.
17:15 of 2nd period - Wrist shot by Vladimir Tarasenko.
17:15 of 2nd period - Stopped by Connor Hellebuyck with a rebound.
17:49 of 2nd period - Minor Penalty to Radek Faksa for Tripping.
17:50 of 2nd period - Elias Lindholm wins face-off versus Andrew Copp in Philadelphia Flyers zone.
18:25 of 2nd period - Slapshot by Tage Thompson.
18:25 of 2nd period - Shot Misses the Net.
18:56 of 2nd period - Icing by Lawson Crouse.
18:57 of 2nd period - Auston Matthews wins face-off versus Lawson Crouse in St.Louis Blues zone.
19:49 of 2nd period - Penalty to Radek Faksa is over, Radek Faksa is back on ice.
Goals for this period are 2 for St.Louis Blues vs 1 for Philadelphia Flyers.
Shots for this period are 19 for St.Louis Blues vs 11 for Philadelphia Flyers.
3rd period
0:01 of 3rd period - Lawson Crouse wins face-off versus Vladimir Tarasenko in neutral zone.
0:15 of 3rd period - Slapshot by Elias Lindholm.
0:15 of 3rd period - Stopped by Connor Hellebuyck without a rebound.
0:16 of 3rd period - Sean Kuraly wins face-off versus Radek Faksa in St.Louis Blues zone.
0:29 of 3rd period - Wrist shot by Tyler Johnson.
0:29 of 3rd period - Shot Misses the Net.
0:31 of 3rd period - Wrist shot by Radek Faksa.
0:31 of 3rd period - Stopped by Connor Hellebuyck without a rebound.
0:32 of 3rd period - Sonny Milano wins face-off versus Lawson Crouse in St.Louis Blues zone.
0:42 of 3rd period - Icing by Elias Pettersson.
0:43 of 3rd period - Tage Thompson wins face-off versus Matthew Peca in St.Louis Blues zone.
1:39 of 3rd period - Wrist shot by Mark Stone.
1:39 of 3rd period - Stopped by Craig Anderson with a rebound.
2:16 of 3rd period - Snap shot by Matthew Peca.
2:16 of 3rd period - Stopped by Connor Hellebuyck with a rebound.
2:30 of 3rd period - Slapshot by Marcus Johansson.
2:30 of 3rd period - Stopped by Connor Hellebuyck with a rebound.
2:32 of 3rd period - Slapshot by Matt Roy.
2:32 of 3rd period - Deflect By Marcus Johansson.
2:32 of 3rd period - Shot Misses the Net.
2:32 of 3rd period - Puck is out of play.
2:33 of 3rd period - Radek Faksa wins face-off versus Yanni Gourde in St.Louis Blues zone.
2:40 of 3rd period - Snap shot by Tyler Johnson.
2:40 of 3rd period - Stopped by Connor Hellebuyck with a rebound.
3:49 of 3rd period - Snap shot by Matt Duchene.
3:49 of 3rd period - Stopped by Connor Hellebuyck without a rebound.
3:50 of 3rd period - Elias Lindholm wins face-off versus Lawson Crouse in St.Louis Blues zone.
3:53 of 3rd period - Snap shot by Elias Lindholm.
3:53 of 3rd period - Shot Blocked by Mikhail Sergachev.
3:59 of 3rd period - Matt Roy is hit by Lawson Crouse and loses puck.
5:01 of 3rd period - Tyler Johnson is hit by Elias Pettersson and loses puck.
5:42 of 3rd period - Snap shot by Jake Guentzel.
5:42 of 3rd period - Stopped by Craig Anderson with a rebound.
5:44 of 3rd period - Snap shot by Jake Guentzel.
5:44 of 3rd period - Stopped by Craig Anderson with a rebound.
6:09 of 3rd period - Minor Penalty to Justin Faulk for Holding.
6:10 of 3rd period - Andrew Copp wins face-off versus Radek Faksa in Philadelphia Flyers zone.
6:37 of 3rd period - Backhand shot by Lawson Crouse.
6:37 of 3rd period - Shot Misses the Net.
6:39 of 3rd period - Slapshot by Lawson Crouse.
6:39 of 3rd period - Shot Misses the Net.
6:41 of 3rd period - Slapshot by Alex Tuch.
6:41 of 3rd period - Shot Blocked by Ben Chiarot.
6:43 of 3rd period - Slapshot by Alex Tuch.
6:43 of 3rd period - Deflect By Evander Kane.
6:43 of 3rd period - Stopped by Craig Anderson without a rebound.
6:44 of 3rd period - Lawson Crouse wins face-off versus Radek Faksa in Philadelphia Flyers zone.
7:06 of 3rd period - Snap shot by Mark Stone.
7:06 of 3rd period - Stopped by Craig Anderson with a rebound.
7:14 of 3rd period - Snap shot by Mark Stone.
7:14 of 3rd period - Shot Misses the Net.
7:44 of 3rd period - Snap shot by Lawson Crouse.
7:44 of 3rd period - Stopped by Craig Anderson with a rebound.
7:46 of 3rd period - Snap shot by Evander Kane.
7:46 of 3rd period - Shot Misses the Net.
7:48 of 3rd period - Backhand shot by Lawson Crouse.
7:48 of 3rd period - Deflect By Mark Stone.
7:48 of 3rd period - Stopped by Craig Anderson with a rebound.
7:50 of 3rd period - Snap shot by Alex Tuch.
7:50 of 3rd period - Stopped by Craig Anderson with a rebound.
7:52 of 3rd period - Snap shot by Evander Kane.
7:52 of 3rd period - Goal by Evander Kane - St.Louis Blues : 4 - Philadelphia Flyers : 2.
7:53 of 3rd period - Andrew Copp wins face-off versus Auston Matthews in neutral zone.
8:00 of 3rd period - Snap shot by Tage Thompson.
8:00 of 3rd period - Shot Blocked by Auston Matthews.
8:10 of 3rd period - Wrist shot by Tage Thompson.
8:10 of 3rd period - Stopped by Craig Anderson without a rebound.
8:11 of 3rd period - Radek Faksa wins face-off versus Lawson Crouse in Philadelphia Flyers zone.
8:11 of 3rd period - Radek Faksa is hit by Colton Parayko.
8:55 of 3rd period - Snap shot by Tage Thompson.
8:55 of 3rd period - Stopped by Craig Anderson without a rebound.
8:56 of 3rd period - Elias Lindholm wins face-off versus Andrew Copp in Philadelphia Flyers zone.
9:13 of 3rd period - Wrist shot by Elias Lindholm.
9:13 of 3rd period - Stopped by Connor Hellebuyck with a rebound.
9:21 of 3rd period - Artem Zub is hit by Elias Pettersson and loses puck.
9:26 of 3rd period - Slapshot by Elias Pettersson.
9:26 of 3rd period - Shot Misses the Net.
11:24 of 3rd period - Backhand shot by Tage Thompson.
11:24 of 3rd period - Shot Blocked by Erik Gustafsson.
11:26 of 3rd period - Wrist shot by Nick Leddy.
11:26 of 3rd period - Shot Misses the Net.
11:30 of 3rd period - Wrist shot by Elias Pettersson.
11:30 of 3rd period - Shot Blocked by Max Pacioretty.
11:32 of 3rd period - Snap shot by Adam Pelech.
11:32 of 3rd period - Deflect By Elias Pettersson.
11:32 of 3rd period - Stopped by Craig Anderson without a rebound.
11:33 of 3rd period - Sean Kuraly wins face-off versus Auston Matthews in Philadelphia Flyers zone.
11:45 of 3rd period - Matt Duchene is hit by Jake Guentzel and loses puck.
11:56 of 3rd period - Minor Penalty to Sean Kuraly for Hooking.
11:57 of 3rd period - Nico Sturm wins face-off versus Auston Matthews in St.Louis Blues zone.
12:55 of 3rd period - Lawson Crouse is hit by Oliver Ekman-Larsson and loses puck.
13:56 of 3rd period - Penalty to Sean Kuraly is over, Sean Kuraly is back on ice.
14:00 of 3rd period - Justin Faulk is hit by Jake Guentzel and loses puck.
14:23 of 3rd period - Ben Chiarot is hit by Sean Kuraly and loses puck.
15:36 of 3rd period - Justin Faulk is hit by Evander Kane and loses puck.
16:42 of 3rd period - Erik Gustafsson is hit by Sean Kuraly.
Goals for this period are 1 for St.Louis Blues vs 0 for Philadelphia Flyers.
Shots for this period are 12 for St.Louis Blues vs 7 for Philadelphia Flyers.
Back to the Top